 Dungeon Crawl Stone Soup version 0.31-a0-854-g362426d53f (webtiles) character file.

Game seed: 4982021865175862386

2 Kurtz the Sneak (level 1, -1/21 HPs)
             Began as a Naga Delver on Oct 8, 2023.
             Slain by a jackal (3 damage)
             ... on level 4 of the Dungeon.
             The game lasted 00:00:20 (99 turns).

Kurtz the Sneak (Naga Delver)                         Turns: 99, Time: 00:00:20

Health: -1/21      AC:  1    Str: 14    XL:     1   Next: 40%
Magic:  1/1        EV:  9    Int: 10    God:
Gold:   13         SH:  0    Dex: 12    Spells: 0/0 levels left

rFire   . . .        a - +0 hand axe
rCold   . . .        (no shield)
rNeg    . . .        b - +0 leather armour
rPois   +            (no helmet)
rElec   .            (no cloak)
rCorr   .            (no gloves)
SInv    +            (no barding)
Will    .....        (no amulet)
Stlth   +++          (no ring)
HPRegen 0.23/turn    (no ring)
MPRegen 0.07/turn

%: no passive effects
@: very slow
A: AC +0, large, see invisible, deformed body, poison resistance, slowness 2,
spit poison 1, naga tail 1
a: Spit Poison


You were on level 4 of the Dungeon.
You visited 2 branches of the dungeon, and saw 3 of its levels.

You collected 13 gold pieces.

Inventory:

Hand Weapons
 a - a +0 hand axe (weapon)
Armour
 b - a +0 leather armour (worn)
Wands
 g - a wand of digging (3)
 h - a wand of polymorph (12)
Scrolls
 c - a scroll of fog
 d - a scroll of revelation
 e - a scroll of fear
Potions
 f - a potion of haste


   Skills:
 - Level 3.0 Fighting
 * Level 2.2 Axes
 - Level 1.5 Dodging
 - Level 7.2 Stealth


You couldn't memorise any spells.
You didn't know any spells.
Your spell library was empty.

Dungeon Overview and Level Annotations

Branches:
Dungeon (5/15)             Temple (1/1) D:5

Altars:
Ashenzari
Cheibriados
Dithmenos
Elyvilon
Gozag
Hepliaklqana
Kikubaaqudgha
Makhleb
Okawaru
Qazlal
Ru
Sif Muna
Trog
Uskayaw
Vehumet
Wu Jian
Xom
Zin


Innate Abilities, Weirdness & Mutations

Your serpentine skin is tough. (AC +0)
You have supernaturally acute eyesight. (SInv)
Armour fits poorly on your strangely shaped body.
Your system is resistant to poisons. (rPois)
You cover ground very slowly.
You can spit poison.
You have a snake-like lower body.


Message History

The helpless jackal fails to defend itself.
You hit the jackal.
You kill the jackal!
Found a stone staircase leading down.
The jackal barks!
You hear a bark!
The jackal barely misses you.
You hear an angry hiss.
The jackal barks!
You hit the hound.
The hound is lightly wounded.
You hit the jackal but do no damage.
A jackal comes into view.
The jackal bites you.
An adder comes into view.
The hound bites you. The jackal bites you.
You slash the hound! You punch the hound.
The hound is severely wounded.
You completely miss the jackal. You hit the jackal.
You closely miss the jackal. The hound closely misses you.
The jackal bites you. x2; The jackal barely misses you.
The hound barely misses you. The jackal bites you. x2
The jackal barely misses you.
You are too injured to fight recklessly!
You miss the hound.
The hound is severely wounded.
You closely miss the jackal. You hit the jackal but do no damage.
You completely miss the jackal. The hound bites you.
* * * LOW HITPOINT WARNING * * *
The jackal barely misses you. The jackal bites you.
* * * LOW HITPOINT WARNING * * *
The jackal barely misses you. The hound closely misses you.
You are too injured to fight recklessly!
You hit the hound but do no damage.
The hound is severely wounded.
You completely miss the jackal. You hit the jackal.
You hit the jackal but do no damage. The jackal completely misses you.
The jackal bites you.
* * * LOW HITPOINT WARNING * * *
The jackal closely misses you. The hound closely misses you.
The jackal bites you.
You die...

#. #.### ######
.
###....##.....#
>.##... #.>..#
#...... ##...#
#...... ##.#.#
####..h##.†#.#
......h@..## )
#####.hh### .#
###S. # ....
..#### ###


You could see a hound, an adder and 3 jackals.

Vanquished Creatures
  A ball python (D:4)
  A jackal (D:4)
2 creatures vanquished.

Notes
Turn   | Place    | Note
-------+----------+-------------------------------------------
     0 | D:5      | Kurtz the Naga Delver began the quest for the Orb.
     0 | D:5      | Reached XP level 1. HP: 21/21 MP: 1/1
    17 | Temple   | Entered the Ecumenical Temple
    86 | D:5      | Noticed a howler monkey
    92 | D:4      | Noticed a hound
    99 | D:4      | Slain by a jackal

Illustrated notes

Levels and vault maps discovered:
D:4:      layout_rooms, grunt_temple_overflow_open, gup_ossuary_entry_pyramid,
          minmay_snake_closets, uniq_blork_the_orc
D:5:      layout_loops_ring, grunt_temple_overflow_holy_war,
          minmay_temple_entry_statues, chequers_serial_rivers_room_b
Temple:   regret_index_temple_chain_breaker

Action                     || total
---------------------------++-------
  Melee: Hand axe          ||     6
         Punch             ||     1
   Stab: Sleeping          ||     2
 Armour: Leather armour    ||    11
  Dodge: Dodged            ||    11

Table legend: (Time is in decaauts)
 A = Elapsed time spent in this place.
 B = Non-inter-level travel time spent in this place.
 C = Inter-level travel time spent in this place.
 D = Time resting spent in this place.
 E = Time spent auto-exploring this place.
 F = Levels seen in this place.
 G = Mean time per level.
                   A        B        C        D        E       F      G
               +--------+--------+--------+--------+--------+-----+--------+
         Total |    134 |     73 |     61 |      0 |     29 |   3 |   44.7 |
       Dungeon |    101 |     72 |     29 |      0 |     29 |   2 |   50.5 |
        Temple |     32 |      1 |     31 |      0 |      0 |   1 |   32.0 |
               +--------+--------+--------+--------+--------+-----+--------+

Top non-repeatable levels by time:
     D:5: 88 daAuts
  Temple: 32 daAuts
     D:4: 13 daAuts
